 Dungeon Crawl Stone Soup version 0.27-a0-1287-gca74d27db6 (webtiles) character file.

Game seed: 10317843124391127166

39 Gwenloh the Skirmisher (level 3, -5/24 HPs)
             Began as a Gargoyle Fighter on June 14, 2021.
             Killed from afar by Ijyb (7 damage)
             ... with a puff of flame
             ... on level 2 of the Dungeon.
             The game lasted 00:04:04 (2043 turns).

Gwenloh the Skirmisher (Gargoyle Fighter)           Turns: 2043, Time: 00:04:05

Health: -5/24      AC: 11    Str: 19    XL:     3   Next: 47%
Magic:  3/3        EV:  7    Int:  8    God:
Gold:   99         SH:  9    Dex: 10    Spells: 2/2 levels left

rFire    . . .     SeeInvis .   a - +0 flail
rCold    . . .     Faith    .   c - +0 kite shield
rNeg     + . .     Spirit   .   b - +0 scale mail
rPois    ∞         Reflect  .   (no helmet)
rElec    +         Harm     .   n - +0 cloak
rCorr    .         Rampage  .   (no gloves)
Will     .....                  (no boots)
Stlth    ..........             (no amulet)
HPRegen  0.08/turn              (no ring)
MPRegen  0.08/turn              (no ring)

@: no status effects
A: sickness immunity, AC +3, negative energy resistance 1, electricity
resistance, torment resistance 1, petrification resistance
a: no special abilities


You were on level 2 of the Dungeon.
You visited 1 branch of the dungeon, and saw 3 of its levels.

You collected 99 gold pieces.

Inventory:

Hand Weapons
 a - a +0 flail (weapon)
Missiles
 e - 88 stones (quivered)
 l - 16 sling bullets
Armour
 b - a +0 scale mail (worn)
 c - a +0 kite shield (worn)
 n - a +0 cloak (worn)
Jewellery
 i - a ring of fire
Wands
 m - a wand of digging (5)
Scrolls
 f - a scroll of magic mapping {unknown}
 j - a scroll of identify {unknown}
 k - 2 scrolls of teleportation {unknown}
 o - a scroll of immolation {unknown}
Potions
 d - a potion of might
 g - a potion of invisibility {unknown}
 h - a potion of curing {unknown}


   Skills:
 - Level 3.7 Fighting
 * Level 3.4 Maces & Flails
 - Level 3.2 Armour
 - Level 3.2 Shields


You had 2 spell levels left.
You didn't know any spells.
Your spell library contained the following spells:

 Spells                   Type           Power      Damage    Failure   Level
 Foxfire                  Conj/Fire      0%         2x1d4     99%         1
 Magic Dart               Conj           0%         1d3       99%         1
 Blink                    Tloc           N/A        N/A       100%        2
 Call Imp                 Summ           0%         N/A       100%        2
 Slow                     Hex            0%         N/A       100%        2
 Conjure Flame            Conj/Fire      0%         6-21      100%        3
 Inner Flame              Hex/Fire       0%         N/A       100%        3
 Mephitic Cloud           Conj/Pois/Air  0%         N/A       100%        3
 Sticky Flame             Conj/Fire      0%         2d3       100%        4
 Fireball                 Conj/Fire      0%         3d3       100%        5


Dungeon Overview and Level Annotations

Branches:
Dungeon (3/15)

Altars:

Shops:
D:1 *

Annotations:
D:2 Ijyb


Innate Abilities, Weirdness & Mutations

You are immune to sickness and miasma.
Your stone body is resilient. (AC +3)
You are immune to poison.
You resist negative energy. (rN+)
You are resistant to electric shocks. (rElec)
You are resistant to unholy torment.
You are immune to petrification.


Message History

Ijyb the Twisted Goblin comes into view.
She is wielding a +0 dagger and carrying a wand of flame (12).
Ijyb shouts!
There is a stone staircase leading up here.
You throw a stone. The stone hits Ijyb but does no damage.
Ijyb screams, "Die!"
Ijyb zaps a wand.
The puff of flame hits you but does no damage.
You throw a stone. The stone closely misses Ijyb.
Ijyb zaps a wand.
The puff of flame hits you but does no damage.
You throw a stone. The stone hits Ijyb but does no damage.
Ijyb zaps a wand.
The puff of flame hits you.
You throw a stone. The stone barely misses Ijyb.
You throw a stone. The stone hits Ijyb.
Ijyb is lightly wounded.
You throw a stone. The stone barely misses Ijyb.
Ijyb zaps a wand.
The puff of flame hits you but does no damage.
You throw a stone. The stone barely misses Ijyb.
Ijyb zaps a wand.
The puff of flame hits you but does no damage.
You throw a stone. The stone closely misses Ijyb.
You throw a stone. The stone barely misses Ijyb.
Ijyb zaps a wand.
The puff of flame hits you!
Ijyb zaps a wand.
The puff of flame hits you.
You climb upwards.
There is a stone staircase leading down here.
You sock Ijyb!
Ijyb is heavily wounded.
Ijyb zaps a wand.
The puff of flame hits you.
You hit Ijyb.
Ijyb is severely wounded.
Ijyb hits you but does no damage. Ijyb hits you with a +0 dagger.
* * * LOW HITPOINT WARNING * * *
You closely miss Ijyb.
Ijyb is severely wounded.
You block Ijyb's attack.
You hit Ijyb but do no damage.
Ijyb is severely wounded.
Ijyb zaps a wand.
The puff of flame hits you.
* * * LOW HITPOINT WARNING * * *
Ijyb zaps a wand.
The puff of flame hits you!
You die...

..# ####.##.### ..#
#....##.# ..#
###.##....# ..#
#......######## ..#
######........# ..#
#.>...........# ###
#.####........# ###.#
#........##
#...####...g@....# ####
#.###.....#....#.######
#...
#.#####.#.####........#
#...
#.....#.#......######.#
#... ##
#####.#.###.##.######.#
#... .#
#.(.#......#...##.#
#... .#
#####.#...###..##.#
#... .# #.##..# #..##.#
##### .# ##.##..#
#..##.# #....


You could see Ijyb.

Vanquished Creatures
  3 worms (D:2)
  A dart slug (D:2)
  3 bats
  3 endoplasms
  4 hobgoblins
  A quokka (D:1)
  3 ball pythons (D:1)
  4 frilled lizards
  4 goblins
  2 kobolds (D:1)
  2 rats
30 creatures vanquished.

Notes
Turn   | Place    | Note
-------+----------+-------------------------------------------
     0 | D:1      | Gwenloh the Gargoyle Fighter began the quest for the Orb.
     0 | D:1      | Reached XP level 1. HP: 14/14 MP: 1/1
   250 | D:1      | Found Visedwyi's Assorted Antiques.
   320 | D:1      | Reached XP level 2. HP: 19/19 MP: 2/2
  1235 | D:2      | Reached XP level 3. HP: 24/24 MP: 3/3
  1357 | D:2      | Found a faded altar of an unknown god.
  2028 | D:3      | Noticed Ijyb
  2043 | D:2      | Killed from afar by Ijyb

Illustrated notes

Levels and vault maps discovered:
D:1:      lightli_arrival_boilingwater, layout_loops_ring, serial_shops, shop,
          chequers_serial_rivers_micro_e
D:2:      layout_basic, ebering_ecumenical_altar_abandoned
D:3:      layout_loops_ring, grunt_temple_overflow_opulence,
          chequers_temple_overflow_statue_of_worship, kennysheep_generic_room_4,
          uniq_sigmund, uniq_natasha, uniq_robin, uniq_terence, uniq_ijyb

Skill      XL: |  1  2 |
---------------+-------+-----
Maces & Flails | 3 |  3.4
Fighting       | |  3.7
Armour         | |  3.2
Shields        | |  3.2

Action                   || total
-------------------------++-------
Melee: Flail             ||   104
Throw: Stone             ||    75
Armor: Scale mail        ||    55
Dodge: Dodged            ||    27
Block: Kite shield       ||    40

Table legend: (Time is in decaauts)
 A = Elapsed time spent in this place.
 B = Non-inter-level travel time spent in this place.
 C = Inter-level travel time spent in this place.
 D = Time resting spent in this place.
 E = Time spent auto-exploring this place.
 F = Levels seen in this place.
 G = Mean time per level.
                   A        B        C        D        E       F      G
               +--------+--------+--------+--------+--------+-----+--------+
         Total |   2124 |   2005 |    119 |      0 |   1677 |   3 |  708.0 |
       Dungeon |   2124 |   2005 |    119 |      0 |   1677 |   3 |  708.0 |
               +--------+--------+--------+--------+--------+-----+--------+

Top non-repeatable levels by time:
     D:2: 1103 daAuts
     D:1: 1008 daAuts
     D:3: 13 daAuts
